 Dungeon Crawl Stone Soup version 0.15-a0-1880-g53e602b (console) character file.

236892 MrRokkomies the Bludgeoner (level 19, -25/124 HPs)
             Began as a Gargoyle Hunter on June 24, 2014.
             Was the Champion of Dithmenos.
             Hit by a large rock thrown by Polyphemus (36 damage)
             ... on Level 5 of the Shoals on July 5, 2014.
             The game lasted 05:00:56 (44083 turns).

MrRokkomies the Bludgeoner (Gargoyle Hunter)       Turns: 44083, Time: 05:00:57

HP -25/124       AC 35     Str 15      XL: 19   Next: 67%
MP   0/31        EV  7     Int 15      God: Dithmenos [******]
Gold 1404        SH  0     Dex 16      Spells:  1 memorised, 17 levels left

rFire  + . .     SeeInvis +     b - +4 longbow (velocity)
rCold  . . .     Clarity  .     e - +1 chain mail {rF+}
rNeg   + . .     rCorr    .     (no shield)
rPois  +         rRot     +     R - +2 helmet
rElec  +         Spirit   +     C - +2 cloak
SustAb .         Warding  .     I - +1 pair of gloves {archery}
rMut   .         Stasis   .     (no boots)
Gourm  .                        Z - amulet of guardian spirit
MR     +....                    A - ring of Fatefid {+Blink SInv Stlth+}
                                m - ring of regeneration

@: flying, slowed, glowing, very slow, somewhat resistant to hostile
enchantments, extremely unstealthy
A: able to fly continuously, big wings, hooves 1, negative energy resistance 1,
electricity resistance, unbreathing, petrification resistance, rot immunity, AC
+13
a: Stop Flying, Shadow Step, Shadow Form, Renounce Religion, Evoke Blink
}: 1/15 runes: serpentine


You were on level 5 of the Shoals.
You worshipped Dithmenos.
Dithmenos was exalted by your worship.
You were not hungry.

You visited 6 branches of the dungeon, and saw 38 of its levels.
You visited the Abyss 1 time.
You visited 1 bazaar.
You also visited: Labyrinth, Bailey and Volcano.

You collected 4777 gold pieces.
You spent 3373 gold pieces at shops.

Inventory:

Hand weapons
 a - a +0 great mace of freezing
 b - a +4 longbow of velocity (weapon)
 E - a +3 longbow of freezing
Missiles
 c - 481 arrows (quivered)
 p - 9 arrows of dispersal
 M - 3 arrows of frost
 O - 4 poisoned arrows
Armour
 e - a +1 chain mail of fire resistance (worn)
 C - a +2 cloak (worn)
 I - a +1 pair of gloves of archery (worn)
 R - a +2 helmet (worn)
Magical devices
 k - a wand of heal wounds (9)
 r - a wand of draining (4)
 t - a wand of heal wounds (5)
 v - a wand of invisibility (7)
 H - a wand of disintegration (15)
 N - a wand of lightning (3)
Comestibles
 f - 10 bread rations
 W - 2 meat rations
Scrolls
 j - 5 scrolls of remove curse
 n - a scroll of identify
 x - 7 scrolls of teleportation
 B - 5 scrolls of recharging
 D - 2 scrolls of fear
 G - 2 scrolls of amnesia
 J - 3 scrolls of blinking
 L - a scroll of vulnerability
 Q - a scroll of magic mapping
 T - a scroll of silence
Jewellery
 g - an uncursed amulet of warding
 h - an uncursed amulet of stasis
 i - an uncursed amulet of clarity
 m - a ring of regeneration (left hand)
 w - a cursed ring of protection from magic
 A - the ring of Fatefid (right hand) {+Blink SInv Stlth+}
   (You bought it in a shop on level 2 of the Orcish Mines)

   [ring of see invisible]

   It enhances your eyesight.
   It lets you blink.
   It makes you more stealthy.
 F - a +5 ring of strength
 V - an uncursed ring of fire
 Z - an amulet of guardian spirit (around neck)
Potions
 l - 4 potions of haste
 q - 2 potions of agility
 z - 3 potions of might
 K - 2 potions of resistance
 U - 4 potions of berserk rage
 Y - 3 potions of restore abilities
Books
 y - Psontala's Guide on the Escort
   (You found it on level 4 of the Shoals)

   Spells                             Type                      Level
   *Summon Butterflies                Summoning                    1
   Recall                             Summoning/Translocation      3
   Summon Mana Viper                  Hexes/Summoning              5
Miscellaneous
 o - a stone of tremors
 s - a fan of gales
 S - a phial of floods
Rods
 P - a +0 rod of the swarm (11/11)
   (You took it off a two-headed ogre on level 11 of the Dungeon)


   Skills:
 - Level 15.0 Fighting
 - Level 20.0 Maces & Flails
 - Level 18.0 Bows
 + Level 10.3 Armour
 * Level 3.9 Dodging
 - Level 1.1 Stealth
 - Level 8.0 Invocations
 - Level 10.0 Evocations


You had 17 spell levels left.
You knew the following spells:

 Your Spells              Type           Power        Failure   Level  Hunger
a - Summon Butterflies    Summ           #.......     100%        1    ##.....


Dungeon Overview and Level Annotations

Branches:
Dungeon (15/15)            Temple (1/1) D:4             Orc (4/4) D:11
    Elf (0/3) Orc:3          Lair (8/8) D:11         Shoals (5/5) Lair:4
  Snake (5/5) Lair:6        Slime (0/6) Lair:6       Vaults (0/5) D:14
 Depths (0/5) D:15

Altars:
Ashenzari
Cheibriados
Dithmenos
Elyvilon
Fedhas
Gozag
Kikubaaqudgha
Makhleb
Nemelex Xobeh
Okawaru
Qazlal
Sif Muna
Trog
Vehumet
Xom
Yredelemnul
Zin
The Shining One

Shops:
D:2 *   D:6 [   Orc:2 =   Orc:4 }(?*

Portals:
Hell: Lair:8

Annotations:
Shoals:5 Polyphemus


Innate Abilities, Weirdness & Mutations

You are resistant to torment.
You are immune to poison.
You can fly continuously.
Your stone body is very resilient (AC +13).
Your wings are large and strong.
You resist negative energy.
You are resistant to electric shocks.
You can survive without breathing.
You are immune to petrification.
You are immune to rotting.
You have large cloven feet.


Message History

an arrow; 2 large rocks; 3 stones Polyphemus throws a large rock.
The large rock hits you!!
The merfolk javelineer throws a javelin of penetration.
The javelin of penetration pierces through you!
The satyr shoots an arrow.
The arrow hits you but does no damage.
Polyphemus throws a large rock.
The large rock hits you!!
* * * LOW HITPOINT WARNING * * *
You emit a cloud of dark smoke.
The merfolk javelineer throws a javelin of penetration.
The javelin of penetration closely misses you.
Things that are here:
an arrow; 2 large rocks; 2 javelins of penetration Read which item? (? for menu, Esc to quit)
As you read the scroll of fog, it crumbles to dust.
The scroll dissolves into smoke.
Polyphemus throws a large rock.
The large rock hits you!
* * * LOW HITPOINT WARNING * * *
The faun shoots a stone.
The stone barely misses you.
Polyphemus throws a large rock.
The large rock hits you!!!
You die...

#≈≈≈≈≈≈≈≈≈≈≈≈..≈≈≈≈≈≈≈≈≈≈≈≈≈
#≈≈≈≈≈≈≈≈≈≈≈≈........≈≈≈≈≈≈≈
#≈≈≈≈≈≈.≈≈.≈≈........≈≈≈≈≈≈≈
#≈≈≈....≈≈..........≈≈≈≈≈≈≈≈
#≈≈≈≈≈≈≈≈........≈...≈≈≈≈≈≈≈.
≈≈≈≈≈≈≈≈...............≈≈≈...
≈≈≈≈≈≈...§§.§§.........≈....
≈≈≈.....§§§§#...)..........
.≈≈≈≈...§§@§#..........####
#.≈≈≈....##§..........##..:
#≈≈≈.(..###.....[....#)...
#...(c..# ##.........))...
#.Cmc..............≈≈#≈...
.mcc...≈≈..≈≈≈≈≈≈≈≈≈##.).
(c....≈≈≈≈≈≈≈≈≈≈≈≈≈≈####
......≈≈≈≈≈≈≈≈≈≈≈≈≈≈≈≈≈ ...
≈≈≈≈≈≈≈≈≈≈≈≈≈≈≈


You could see Polyphemus, a merfolk javelineer and 3 fauns.

Vanquished Creatures
  Saint Roka (Shoals:5)
  Norris (Shoals:5)
  Asterion (Snake:2)
  An acid blob (Lair:6)
  The ghost of Charly the Alchemist, a mighty MfTm of Kikubaaqudgha (Snake:3)
  A kraken (Shoals:1)
  Frances (Shoals:5)
  8 greater nagas
  Wiglaf (Snake:2)
  A frost giant (Shoals:1)
  The ghost of Aumanor the Eclecticist, a mighty DEWz of Vehumet (Snake:3)
  Maud (Lair:3)
  Aizul (Snake:2)
  4 merfolk javelineers
  Snorg (Orc:1)
  8 vault guards (D:14)
  A minotaur (Lab)
  5 merfolk impalers
  3 sirens
  5 hydras
  16 naga warriors
  5 merfolk aquamancers
  Erica (D:13)
  2 alligator snapping turtles (Shoals:4)
  5 death yaks
  5 anacondas
  A satyr (Shoals:4)
  5 orc high priests (Orc:4)
  The ghost of Zuul the Skirmisher, an experienced DsGl of Qazlal (D:9)
  21 naga sharpshooters
  A vampire mage (D:15)
  13 shock serpents
  A catoblepas (D:15)
  A sun demon (Lair:8)
  2 salamander mystics
  2 skeletal warriors (D:15)
  4 centaur warriors
  Erolcha (D:12)
  25 sea snakes
  An unseen horror (Lab)
  A wizard (Lair:8)
  9 naga ritualists
  5 hill giants
  A hellion (Abyss:1)
  3 water nymphs
  21 harpies
  A necromancer (D:15)
  3 orc knights
  12 manticores
  19 salamanders
  11 mana vipers
  9 fauns
  4 wolf spiders
  10 griffons
  2 orc sorcerers
  6 mermaids
  7 elephants
  8 cyclopes (Shoals:1)
  A frost giant skeleton (D:15)
  A sixfirhy (Lair:8)
  Maurice (Orc:2)
  5 guardian serpents
  48 black mambas
  5 torpor snails
  A dire elephant zombie (D:15)
  27 naga magi
  A molten gargoyle (Volcano)
  9 spiny frogs
  8 komodo dragons
  A kobold demonologist (D:8)
  Psyche (Orc:1)
  A gargoyle (Volcano)
  5 fire drakes
  6 orange demons (Lair:8)
  An item mimic (Lair:3)
  2 red devils (Lair:8)
  2 centaur zombies
  A hellwing (Lair:8)
  Grinder (D:4)
  3 yaktaurs (D:15)
  2 blue devils
  An ancient zyme (Abyss:1)
  3 wind drakes
  3 trolls
  A jumping spider (D:15)
  Sonja (Orc:3)
  32 merfolk
  A harpy zombie (D:13)
  3 polar bears
  Prince Ribbit (Orc:1)
  A two-headed ogre (D:11)
  3 slime creatures (D:14)
  16 blink frogs
  5 basilisks
  5 snapping turtles
  A trapdoor spider (Lab)
  4 water elementals
  A redback (D:15)
  2 wraiths
  2 vampires
  56 yaks
  A formicid (shapeshifter) (D:15)
  A shadow (D:13)
  6 ugly things (D:14)
  A hill giant zombie (D:10)
  2 fire bats (Volcano)
  3 sharks (Lair:4)
  2 wyverns
  Grum (Orc:1)
  4 hungry ghosts
  2 vampire mosquitoes (D:11)
  A human zombie (D:15)
  23 wolves
  A hill giant skeleton (D:15)
  17 hippogriffs
  Edmund (D:5)
  Menkaure (D:7)
  48 nagas
  25 water moccasins
  A warg (Orc:1)
  A small abomination (Abyss:1)
  5 ice beasts
  A hell hound (Lair:8)
  39 orc warriors
  3 yellow wasps
  3 sky beasts
  2 black bears
  11 porcupines
  3 phantoms
  4 boring beetles
  A manticore skeleton (D:15)
  2 necrophages (D:11)
  4 big kobolds
  15 ogres
  Sigmund (D:5)
  Duvessa (D:5)
  16 crocodiles
  8 centaurs
  A lava worm (Volcano)
  18 giant frogs
  Blork the orc (D:5)
  A wyvern zombie (D:14)
  A yaktaur zombie (D:14)
  A gnoll sergeant (D:12)
  A water moccasin skeleton (D:10)
  6 scorpions
  9 killer bees
  3 wights (D:9)
  A jelly (D:11)
  7 electric eels
  Dowan (D:5)
  3 goliath beetles
  6 crimson imps
  3 lava snakes
  2 centaur skeletons
  49 orc priests
  2 giant frog skeletons
  8 hounds
  7 iguanas
  A black bear skeleton (D:8)
  An iron imp (Abyss:1)
  49 orc wizards
  21 sheep
  12 worker ants
  Ijyb (D:2)
  A big kobold zombie (D:10)
  2 hound skeletons
  Terence (D:2)
  A worker ant zombie (D:8)
  105 green rats
  10 gnolls
  27 adders
  A giant mite (D:5)
  3 worms (D:2)
  6 shadow imps
  An adder skeleton (D:8)
  An orc skeleton (D:7)
  5 giant geckos
  219 orcs
  2 giant cockroaches
  24 hobgoblins
  8 jackals
  17 quokkas
  15 bats
  8 giant newts
  27 goblins
  36 kobolds
  A kobold zombie (D:6)
  4 orc zombies
  12 rats
  A fungus (Lair:2)
  2 plants
  2 tentacles (Shoals:1)
1586 creatures vanquished.

Vanquished Creatures (collateral kills)
  A hydra (Lair:2)
  Nergalle (Lair:2)
2 creatures vanquished.

Vanquished Creatures (others)
  3 drowned souls (Shoals:4)
  A naga mage (Snake:2)
  A komodo dragon (Lair:5)
  2 nagas
  A yellow wasp (Lair:2)
  4 fungi
  A plant (Snake:4)
  12 tentacles (Shoals:1)
  176 tentacle segments (Shoals:1)
201 creatures vanquished.

Grand Total: 1789 creatures vanquished

Notes
Turn   | Place    | Note
--------------------------------------------------------------
     0 | D:1      | MrRokkomies, the Gargoyle Hunter, began the quest for the Orb.
     0 | D:1      | Reached XP level 1. HP: 12/12 MP: 1/1
   120 | D:1      | Reached XP level 2. HP: 14/16 MP: 2/2
   555 | D:1      | Reached skill level 1 in Armour
   988 | D:2      | Reached XP level 3. HP: 12/20 MP: 3/3
  1270 | D:2      | Noticed Ijyb
  1285 | D:2      | Killed Ijyb
  1285 | D:2      | Reached skill level 5 in Bows
  1285 | D:2      | Reached XP level 4. HP: 25/25 MP: 4/4
  1322 | D:2      | Found Gozag's Nutrition Petition.
  1323 | D:2      | Found an opulent altar of Gozag.
  1358 | D:2      | Noticed Terence
  1365 | D:2      | Killed Terence
  1803 | D:3      | Found a bloodstained altar of Trog.
  1934 | D:3      | Found a white marble altar of Elyvilon.
  1980 | D:3      | Reached XP level 5. HP: 29/29 MP: 5/5
  2018 | D:3      | Found a blossoming altar of Fedhas.
  2160 | D:3      | Found a burning altar of Makhleb.
  2990 | D:4      | Reached XP level 6. HP: 26/34 MP: 6/6
  3081 | D:4      | Noticed an ogre
  3109 | D:4      | Killed an ogre
  3109 | D:4      | Reached skill level 6 in Bows
  3171 | D:4      | Reached skill level 5 in Armour
  3280 | D:4      | Noticed Grinder
  3283 | D:4      | Paralysed by Grinder for 2 turns
  3298 | D:4      | Killed Grinder
  3298 | D:4      | Reached XP level 7. HP: 32/38 MP: 7/7
  3675 | D:4      | Found a staircase to the Ecumenical Temple.
  3695 | Temple   | Entered the Ecumenical Temple
  3746 | Temple   | Became a worshipper of Dithmenos the Shadowed
  3921 | D:5      | Entered Level 5 of the Dungeon
  3955 | D:5      | Reached skill level 7 in Armour
  4056 | D:5      | Reached XP level 8. HP: 38/43 MP: 8/8
  4069 | D:5      | Noticed Sigmund
  4080 | D:5      | Killed Sigmund
  4148 | D:5      | Noticed Edmund
  4165 | D:5      | Killed Edmund
  4251 | D:5      | Noticed Blork the orc
  4261 | D:5      | Killed Blork the orc
  4366 | D:5      | Reached skill level 8 in Armour
  4393 | D:5      | Noticed Duvessa
  4406 | D:5      | Killed Duvessa
  4408 | D:5      | Noticed Dowan
  4423 | D:5      | Killed Dowan
  5208 | D:6      | Found Girolue's Armour Emporium.
  5235 | D:6      | Reached XP level 9. HP: 42/47 MP: 9/9
  5392 | D:6      | Reached skill level 9 in Bows
  5589 | D:6      | Found an iron altar of Okawaru.
  5773 | D:6      | Acquired Dithmenos' first power
  6242 | D:7      | Noticed Menkaure
  6269 | D:7      | Killed Menkaure
  6375 | D:7      | Reached skill level 10 in Bows
  6683 | D:7      | Found a snail-covered altar of Cheibriados.
  7108 | D:7      | Reached skill level 10 in Armour
  7124 | D:7      | Reached skill level 1 in Maces & Flails
  7216 | D:8      | Noticed a kobold demonologist
  7222 | D:8      | Noticed a red devil
  7225 | D:8      | Killed a kobold demonologist
  7269 | D:8      | Reached XP level 10. HP: 56/56 MP: 10/10
  7847 | D:8      | Reached skill level 5 in Fighting
  7879 | D:8      | Acquired Dithmenos' second power
  8515 | D:8      | Found a glowing golden altar of the Shining One.
  8558 | D:8      | Found a radiant altar of Vehumet.
  8775 | D:9      | Found a sparkling altar of Nemelex Xobeh.
  8847 | D:9      | Noticed Zuul's ghost (experienced DsGl)
  8896 | D:9      | Killed Zuul's ghost
  8896 | D:9      | Reached skill level 5 in Maces & Flails
  9734 | D:10     | Entered Level 10 of the Dungeon
  9823 | D:10     | Acquired Dithmenos' third power
  9823 | D:10     | Reached XP level 11. HP: 65/68 MP: 11/11
 10637 | D:10     | Noticed a two-headed hydra
 10651 | D:10     | Killed a two-headed hydra
 10847 | D:11     | Noticed a hill giant
 10914 | D:11     | Killed a hill giant
 11286 | D:11     | Acquired Dithmenos' fourth power
 11419 | D:11     | Found a staircase to the Lair.
 11444 | D:11     | Reached skill level 10 in Fighting
 11484 | D:11     | Noticed a hill giant
 11515 | D:11     | Killed a hill giant
 11603 | D:11     | Found a staircase to the Orcish Mines.
 11694 | D:11     | Noticed a six-headed hydra
 11714 | D:11     | Killed a six-headed hydra
 11714 | D:11     | Reached skill level 10 in Maces & Flails
 11876 | D:11     | Reached XP level 12. HP: 78/78 MP: 12/12
 12265 | D:11     | Noticed a centaur warrior
 12279 | D:11     | Killed a centaur warrior
 12308 | Lair:1   | Entered Level 1 of the Lair of Beasts
 12327 | Lair:1   | Identified a +0 rod of the swarm (10/11) (You took it off a two-headed ogre on level 11 of the Dungeon)
 12401 | Lair:1   | Upgraded the game from 0.15-a0-1675-g4580af5 to 0.15-a0-1689-gfa11693
 12480 | Lair:1   | Reached skill level 11 in Fighting
 13170 | Lair:2   | Found a dark tunnel.
 13175 | Volcano  | Entered a volcano
 13787 | Volcano  | Found a burning altar of Makhleb.
 13905 | Volcano  | Reached skill level 12 in Maces & Flails
 14090 | Lair:2   | Got an ichor-stained plate armour
 14110 | Lair:2   | Identified the -6 plate armour of Heideba {Dex-3} (You found it on level 2 of the Lair of Beasts)
 14231 | Lair:2   | Noticed Nergalle
 14231 | Lair:2   | Noticed a five-headed hydra
 14242 | Lair:2   | Noticed a spectral orc warlord
 14245 | Lair:2   | Killed Nergalle
 14246 | Lair:2   | Killed a five-headed hydra
 14369 | Lair:2   | Reached XP level 13. HP: 80/86 MP: 13/13
 14969 | Lair:3   | Noticed Maud
 14997 | Lair:3   | Killed Maud
 15424 | Lair:3   | Upgraded the game from 0.15-a0-1689-gfa11693 to 0.15-a0-1729-g99b9770
 15915 | Lair:4   | Reached skill level 13 in Maces & Flails
 16278 | Lair:4   | Found a labyrinth entrance.
 16290 | Lab      | Entered a labyrinth
 16627 | Lab      | Noticed a minotaur
 16640 | Lab      | Killed a minotaur
 16977 | Lair:4   | Found a staircase to the Shoals.
 16977 | Lair:4   | Cast into the Abyss (merfolk)
 17161 | Abyss:1  | Noticed a red draconian annihilator
 17198 | Abyss:1  | Identified a scroll of acquirement
 17219 | Lair:4   | Escaped the Abyss
 17323 | Lair:5   | Upgraded the game from 0.15-a0-1729-g99b9770 to 0.15-a0-1798-g4683f23
 18069 | Lair:5   | Reached skill level 14 in Maces & Flails
 18254 | Lair:5   | Found a snail-covered altar of Cheibriados.
 18276 | Lair:5   | Gained mutation: Your wings are large and strong. [gargoyle growth]
 18276 | Lair:5   | Reached XP level 14. HP: 92/92 MP: 14/14
 18681 | Lair:5   | Gained mutation: You have large cloven feet. [potion of beneficial mutation]
 18912 | Lair:6   | Reached skill level 1 in Invocations
 19255 | Lair:6   | Noticed an acid blob
 19256 | Lair:6   | Noticed an acid blob
 19257 | Lair:6   | Found a staircase to the Slime Pits.
 19447 | Lair:6   | Found a staircase to the Snake Pit.
 20342 | Lair:6   | Killed an acid blob
 20349 | Lair:6   | HP: 3/92 [acid blob/splash of acid (4)]
 21334 | Lair:7   | Reached skill level 15 in Bows
 21609 | Lair:8   | Entered Level 8 of the Lair of Beasts
 21887 | Lair:8   | Found a burning altar of Makhleb.
 21923 | Lair:8   | Reached XP level 15. HP: 83/96 MP: 22/22
 21946 | Lair:8   | Found a gateway to Hell.
 22234 | Lair:8   | Reached skill level 16 in Bows
 22969 | Orc:1    | Entered Level 1 of the Orcish Mines
 23059 | Orc:1    | Noticed Snorg
 23068 | Orc:1    | Killed Snorg
 23088 | Orc:1    | Noticed Grum
 23089 | Orc:1    | Noticed Psyche
 23102 | Orc:1    | Killed Psyche
 23144 | Orc:1    | Killed Grum
 23405 | Orc:1    | Noticed Prince Ribbit
 23446 | Orc:1    | Killed Prince Ribbit
 23740 | Orc:2    | Noticed Maurice
 23907 | Orc:2    | Killed Maurice
 24101 | Orc:2    | Found a radiant altar of Vehumet.
 24143 | Orc:2    | Reached skill level 5 in Invocations
 24169 | Orc:2    | Found a deep blue altar of Sif Muna.
 24184 | Orc:2    | Identified Sif Muna's Volume of Orientation
 24235 | Orc:3    | Found a staircase to the Elven Halls.
 24360 | Orc:2    | Found Myagech's Jewellery Emporium.
 24444 | Orc:2    | Bought the ring of Fatefid {+Blink SInv Stlth+} for 445 gold pieces
 24583 | Orc:4    | Entered Level 4 of the Orcish Mines
 25090 | Orc:3    | Noticed Sonja
 25101 | Orc:3    | Killed Sonja
 25364 | Orc:4    | Found Sketto Muel's Weapon Emporium.
 25364 | Orc:4    | Found Ikaut's General Store.
 25364 | Orc:4    | Found Zehec's Magic Scroll Shoppe.
 25396 | Orc:4    | Found Wamiem's Gadget Emporium.
 25456 | Orc:4    | Bought a wand of fireball (7) for 286 gold pieces
 25456 | Orc:4    | Bought a wand of fire (4) for 208 gold pieces
 25658 | Orc:4    | Reached skill level 17 in Bows
 26460 | Lair:1   | Upgraded the game from 0.15-a0-1798-g4683f23 to 0.15-a0-1808-ge879653
 26542 | D:12     | Found a shadowy altar of Dithmenos.
 26998 | D:12     | Noticed Erolcha
 27004 | D:12     | Killed Erolcha
 27098 | D:13     | Noticed Erica
 27104 | D:13     | Killed Erica
 27126 | D:13     | Found a flagged portal.
 27136 | Bailey   | Entered a bailey
 27276 | Bailey   | Found an iron altar of Okawaru.
 27633 | D:13     | Found a deep blue altar of Sif Muna.
 27711 | D:13     | Got a slimy whip
 27712 | D:13     | Identified the +5 whip of Beyond {flame, Noisy Str+2 Dex+2 Int-1} (You found it on level 13 of the Dungeon)
 28507 | D:14     | Found a gate to the Vaults.
 28538 | D:14     | Reached skill level 18 in Bows
 28549 | D:14     | Reached XP level 16. HP: 89/101 MP: 24/25
 29006 | Orc:4    | Bought a scroll of brand weapon for 220 gold pieces
 29008 | Orc:4    | Bought a scroll of brand weapon for 220 gold pieces
 29011 | Orc:4    | Bought a phial of floods for 520 gold pieces
 29203 | D:15     | Entered Level 15 of the Dungeon
 29511 | D:15     | Found a staircase to the Depths.
 30532 | Snake:1  | Entered Level 1 of the Snake Pit
 30538 | Snake:1  | Found an iron altar of Okawaru.
 31877 | Snake:2  | Noticed Asterion
 31911 | Snake:2  | Killed Asterion
 31911 | Snake:2  | Reached skill level 1 in Evocations
 32028 | Snake:2  | Noticed Wiglaf
 32042 | Snake:2  | HP: 1/105 [Wiglaf/glowing battleaxe (21)]
 32044 | Snake:2  | Killed Wiglaf
 32547 | Snake:2  | Noticed Aizul
 33477 | Snake:2  | Killed Aizul
 33477 | Snake:2  | Reached skill level 15 in Fighting
 34025 | Orc:2    | Bought an uncursed amulet of warding for 210 gold pieces
 34025 | Orc:2    | Bought an uncursed amulet of stasis for 245 gold pieces
 34342 | Snake:3  | Noticed Aumanor's ghost (mighty DEWz)
 34615 | Snake:3  | Killed Aumanor's ghost
 34715 | Snake:3  | Reached XP level 17. HP: 87/113 MP: 28/28
 34849 | Snake:3  | Reached skill level 5 in Evocations
 35305 | Snake:3  | Upgraded the game from 0.15-a0-1808-ge879653 to 0.15-a0-1866-g491fd59
 35491 | Snake:3  | Noticed Charly's ghost (mighty MfTm)
 35524 | Snake:3  | Killed Charly's ghost
 35664 | Snake:3  | Reached skill level 15 in Maces & Flails
 37019 | Snake:5  | Entered Level 5 of the Snake Pit
 37369 | Snake:5  | Reached XP level 18. HP: 50/119 MP: 29/29
 37922 | Snake:5  | Got a serpentine rune of Zot
 38997 | Shoals:1 | Entered Level 1 of the Shoals
 40937 | Shoals:2 | Reached skill level 19 in Maces & Flails
 41136 | Shoals:3 | Upgraded the game from 0.15-a0-1866-g491fd59 to 0.15-a0-1880-g53e602b
 41311 | Shoals:3 | Reached XP level 19. HP: 113/124 MP: 27/30
 42002 | Shoals:4 | Found a flickering gateway to a bazaar.
 42008 | Bazaar   | Entered a bazaar
 42008 | Bazaar   | Found Chuutt's Assorted Antiques.
 42011 | Bazaar   | Found Ownaot's Weapon Shoppe.
 42017 | Bazaar   | Found Ghiom's Jewellery Shop.
 42025 | Bazaar   | Bought a cursed ring of protection from magic for 330 gold pieces
 42048 | Bazaar   | Found Dinte's General Store.
 42054 | Bazaar   | Bought a scroll of enchant armour for 82 gold pieces
 42054 | Bazaar   | Bought a scroll of enchant weapon for 82 gold pieces
 42056 | Bazaar   | Found Shrivimen's Magic Scroll Shop.
 42064 | Bazaar   | Bought a scroll of silence for 45 gold pieces
 42064 | Bazaar   | Bought a scroll of blinking for 45 gold pieces
 42064 | Bazaar   | Bought a scroll of recharging for 57 gold pieces
 42064 | Bazaar   | Bought a scroll of blinking for 45 gold pieces
 42064 | Bazaar   | Bought a scroll of recharging for 57 gold pieces
 42094 | Bazaar   | Bought a runed chain mail for 108 gold pieces
 42094 | Bazaar   | Bought a heavily runed leather armour for 168 gold pieces
 42130 | Bazaar   | Identified the cursed +2 leather armour of the Accordion {rElec rN+} (You bought it in a shop in a bazaar)
 42411 | Shoals:4 | Identified Psontala's Guide on the Escort (You found it on level 4 of the Shoals)
 42414 | Shoals:4 | Learned a level 1 spell: Summon Butterflies
 43176 | Shoals:5 | Entered Level 5 of the Shoals
 43422 | Shoals:5 | Reached skill level 20 in Maces & Flails
 43447 | Shoals:5 | Noticed Norris
 43544 | Shoals:5 | Killed Norris
 43748 | Shoals:5 | Noticed Saint Roka
 43813 | Shoals:5 | Killed Saint Roka
 43904 | Shoals:5 | Noticed Frances
 43913 | Shoals:5 | Killed Frances
 43913 | Shoals:5 | Reached skill level 10 in Evocations
 44079 | Shoals:5 | Noticed Polyphemus
 44083 | Shoals:5 | Hit by a large rock thrown by Polyphemus

Action                   |  1- 3 |  4- 6 |  7- 9 | 10-12 | 13-15 | 16-18 | 19-21 || total
-------------------------+-------+-------+-------+-------+-------+-------+-------++-------
Melee: Short sword       |    80 |       |       |       |       |       |       ||    80
       Cutlass           |    41 |   167 |   406 |    36 |    12 |       |       ||   662
       Dagger            |       |       |    55 |       |       |       |       ||    55
       Dire flail        |       |       |    22 |   845 |  1879 |     5 |       ||  2751
       Shortbow          |       |       |       |       |     1 |       |       ||     1
       Great mace        |       |       |       |       |       |   477 |   101 ||   578
 Fire: Shortbow          |       |    41 |    49 |   458 |   152 |       |       ||   700
       Blowgun           |       |     8 |    50 |    39 |       |       |       ||    97
       Longbow           |       |       |       |       |   520 |  1335 |   310 ||  2165
 Abil: Fly               |       |       |       |       |     1 |       |       ||     1
Evoke: Wand              |     1 |       |     3 |     8 |    10 |    12 |       ||    34
       Rod               |       |       |       |     3 |     3 |       |       ||     6
  Use: Scroll            |     2 |     3 |    12 |    14 |    22 |    19 |     9 ||    81
       Potion            |       |       |       |     6 |     3 |     9 |     1 ||    19
 Stab: Distracted        |       |       |       |     1 |     1 |       |       ||     2
